 Dungeon Crawl Stone Soup version 0.20-a0-926-g560771d (webtiles) character file.

230 Isola the Poker (level 6, -2/44 HPs)
             Began as a Merfolk Skald on Mar 28, 2017.
             Slain by an orc
             ... wielding a +1 hand axe of draining
              (6 damage)
             ... on level 3 of the Dungeon.
             The game lasted 00:04:28 (2682 turns).

Isola the Poker (Merfolk Skald)                     Turns: 2682, Time: 00:04:29

Health: -2/44      AC:  5    Str: 11    XL:     6   Next: 3%
Magic:  2/18       EV: 14    Int: 14    God:
Gold:   108        SH:  0    Dex: 14    Spells: 6/9 levels left

rFire    . . .     SeeInvis .   a - +0 spear
rCold    . . .     Gourm    .   (no shield)
rNeg     . . .     Faith    .   b - +0 leather armour
rPois    .         Spirit   .   (no helmet)
rElec    .         Reflect  .   (no cloak)
rCorr    .         Harm     .   (no gloves)
MR       .....                  q - +1 pair of boots
Stlth    +.........             j - amulet of rage
Regen    0.2/turn               o - ring of magical power
MPRegen  0.2/turn               (no ring)

@: lethally poisoned (-2 -> -10), shrouded (expiring), infused
A: change form in water, swift swim, stealthy swim
a: Evoke Berserk Rage


You were on level 3 of the Dungeon.
You were near starving.

You visited 1 branch of the dungeon, and saw 3 of its levels.

You collected 108 gold pieces.

Inventory:

Hand Weapons
 a - a +0 spear (weapon)
Armour
 b - a +0 leather armour (worn)
 q - a +1 pair of boots (worn)
Jewellery
 j - an amulet of rage (around neck)
 o - a ring of magical power (left hand)
Scrolls
 e - 3 scrolls of teleportation
 k - 2 scrolls of remove curse {unknown}
 l - a scroll of random uselessness {unknown}
 m - a scroll of recharging {unknown}
 n - a scroll of immolation {unknown}
 p - a scroll of fear {unknown}
 r - a scroll of amnesia {unknown}
Books
 c - a book of Battle

   Spells                             Type                      Level
   a - Infusion                       Charms                       1
   b - Shroud of Golubria             Charms/Translocation         2
   c - Song of Slaying                Charms                       2
   d - Spectral Weapon                Hexes/Charms                 3
   e - Regeneration                   Charms/Necromancy            3
Comestibles
 d - 2 bread rations
 h - a meat ration
 i - 4 chunks of flesh


   Skills:
 - Level 2.1 Fighting
 * Level 6.5 Polearms
 - Level 0.6 Armour
 + Level 4.5 Dodging
 - Level 2.0 Spellcasting
 + Level 4.5 Charms


You had 6 spell levels left.
You knew the following spells:

 Your Spells              Type           Power        Failure   Level  Hunger
a - Infusion              Chrm           ##..         6%          1    ##.....
b - Shroud of Golubria    Chrm/Tloc      #.........   21%         2    ###....


Dungeon Overview and Level Annotations

Branches:
Dungeon (3/15)

Altars:
Nemelex Xobeh


Message History

* * * LOW HITPOINT WARNING * * *
You feel sick. The orc closely misses you.
You closely miss the orc wizard.
The orc wizard is almost dead.
* * * LOW HITPOINT WARNING * * *
You feel sick.
The orc wizard casts a spell.
The orc wizard seems to speed up.
The orc misses you.
You hear a shout!
You hit the orc wizard.
You kill the orc wizard!
You have reached level 6!
Your experience leads to an increase in your attributes!
Increase (S)trength, (I)ntelligence, or (D)exterity?
You feel clever.
You barely miss the orc.
* * * LOW HITPOINT WARNING * * *
You feel sick.
The orc hits you with a hand axe of draining.
You die...

.......# #....##.#...,,,,*,,* *
......[###....##....,_,...,** *
.......##.....#..#?..,...#,* *
.......##........#,..,...#.##
.......##......o.#*,....**..#
#########........####.####..#
..........###.##............#
#############o####..###.....#
####............@)..###)....#
[....########(...o....')....#
###### ############.....#
#.....[..# #.....#
#######........# #.....#
#....##........# #.....#
######....##........#######.#
.......z.z.......!..'.......#
######....##........############


You could see 2 orcs.

Vanquished Creatures
  2 wights (D:3)
  An orc priest (D:3)
  An orc wizard (D:3)
  3 adders
  A worm (D:2)
  4 dart slugs
  2 leopard geckos
  2 orcs (D:3)
  4 giant cockroaches
  5 goblins
  6 hobgoblins
  3 jackals (D:2)
  3 ball pythons
  4 bats
  2 frilled lizards
  3 kobolds (D:1)
  7 rats
53 creatures vanquished.

Notes
Turn   | Place    | Note
-------+----------+-------------------------------------------
     0 | D:1      | Isola the Merfolk Skald began the quest for the Orb.
     0 | D:1      | Reached XP level 1. HP: 16/16 MP: 3/3
    82 | D:1      | Reached XP level 2. HP: 22/22 MP: 5/5
   217 | D:1      | Learned a level 2 spell: Shroud of Golubria
   314 | D:1      | Reached skill level 4 in Polearms
   978 | D:2      | Found a sparkling altar of Nemelex Xobeh.
  1024 | D:2      | Reached XP level 3. HP: 27/27 MP: 6/6
  1978 | D:2      | Reached XP level 4. HP: 22/33 MP: 7/7
  2496 | D:3      | Reached skill level 5 in Polearms
  2559 | D:3      | Reached XP level 5. HP: 33/38 MP: 8/8
  2642 | D:3      | Reached skill level 6 in Polearms
  2681 | D:3      | Reached XP level 6. HP: 5/44 MP: 2/9
  2682 | D:3      | Slain by an orc

Vault maps used:
D:1:      minmay_arrival_open_corners, corexii_item_surrounded_by_moat
D:2:      corexii_leaking_fountain, nemelex_spade_bored_becter
D:3:      old_standard_altar, first_bread, gup_sewer_entry_bowl, uniq_sigmund

Skill      XL: |  1  2  3  4  5 |
---------------+----------------+-----
Dodging        | 3 4 |  4.5
Polearms       | 4 5 6 |  6.5
Charms         | 4 |  4.5
Fighting       | |  2.1
Armour         | |  0.6
Spellcasting   | |  2.0

Action                   |  1- 3 |  4- 6 || total
-------------------------+-------+-------++-------
Melee: Spear             |   166 |   108 ||   274
 Cast: Shroud of Golubri |     3 |     6 ||     9
       Infusion          |     3 |     4 ||     7
  Use: Scroll            |       |     4 ||     4
       Potion            |       |     2 ||     2
  Eat: Chunk             |     4 |     1 ||     5
Armor: Leather armour    |    29 |    14 ||    43
       Skin              |       |    51 ||    51
Dodge: Dodged            |    86 |    58 ||   144
